Workbook

Sheet PPTO GENERAL
B1: DEPARTAMENTO DE NARIÑO
B2: MUNICIPIO DE LA LLANADA
B4: RESTAURACIÓN ECOLÓGICA Y FORTALECIMIENTO DE LA GESTIÓN AMBIENTAL SOSTENIBLE EN EL MUNICIPIO DE LA LLANADA NARIÑO.
B6: ITEM | C6: DESCRIPCIÓN | D6: UNIDAD | E6: CANT | F6: VR UNIT | G6: VR TOTAL
B8: 1 | C8: Objetivo 1: Implementar acciones de restauración y protección de áreas de recarga hídrica
B9: 1.0 | C9: Servicio de restauración de ecosistemas | F9: codigo: 3202005
B10: 1.1 | C10: Incrementar la recuperación de coberturas vegetales
B11: 1.1.1 | C11: Realizar Reforestación | D11: Hectarea | E11: 2.5 | F11: =+APUS!E40 -> 8224806.2 | G11: =+F11*E11 -> 20562016
B12: 1.1.2 | C12: Aplicar proceso de mantenimiento a Reforestación | D12: Hectarea | E12: =+E11 -> 2.5 | F12: =+APUS!E77 -> 3107869.7 | G12: =+F12*E12 -> 7769674.3
C13: SUBTOTAL 1.1 | G13: =SUM(G11:G12) -> 28331690
B15: 1.2 | C15: Fortalecer acciones de protección de cobertura vegetal
B16: 1.2.1 | C16: Aislar y proteger área reforestada | D16: Kilometro | E16: 0.25 | F16: =+APUS!E119 -> 24379871 | G16: =+F16*E16 -> 6094967.8
C17: SUBTOTAL 1.2 | G17: =SUM(G15:G16) -> 6094967.8
B19: 2 | C19: Objetivo 2: Fortalecer la gestión integral de residuos sólidos en hogares, espacios públicos y áreas mineras
B20: 2.0 | C20: Servicio de promoción a la participación ciudadana | F20: codigo: 3202068
B21: 2.1 | C21: Mejorar la dotación y el acceso a infraestructura ambiental básica en la comunidad.
B22: 2.1.1 | C22: Entrega de canecas para manejo de residuos sólidos | D22: Numero | E22: 432 | F22: =+APUS!E154 -> 92530.67 | G22: =+F22*E22 -> 39973249
B23: 2.1.2 | C23: Instalación de puntos ecológicos en espacios públicos | D23: Numero | E23: 15 | F23: =+APUS!E187 -> 2410133.3 | G23: =+F23*E23 -> 36152000
B24: 2.1.3 | C24: Dotar con puntos ecológicos las zonas mineras | D24: Numero | E24: 143 | F24: =+APUS!E222 -> 652220 | G24: =+F24*E24 -> 93267460
C25: SUBTOTAL 2.1 | G25: =SUM(G22:G24) -> 1.6939271e+08
B27: 3 | C27: Objetivo 3: Fortalecer la gestión integral de residuos sólidos en hogares, espacios públicos y áreas mineras
B28: 3 | C28: Servicio de educación informal | F28: codigo: 3202014
B29: 3.1 | C29: Desarrollar campañas de sensibilización y educación ambiental
B30: 2,2,1 | C30: Realizar jornada de asistencia técnica en protección de fuentes hídricas | D30: Numero | E30: 1 | F30: =+APUS!E258 -> 1890000 | G30: =+F30*E30 -> 1890000
B31: 2,2,2 | C31: Realizar jornada de asistencia técnica en gestión integral de residuos sólidos | D31: Numero | E31: 1 | F31: =+APUS!E294 -> 1890000 | G31: =+F31*E31 -> 1890000
C32: SUBTOTAL 2.2 | G32: =ROUND(SUM(G30:G31),2) -> 3780000
C35: TOTAL COSTO DIRECTO DEL PROYECTO | G35: =+G32+G25+G17+G13 -> 2.0759937e+08
C37: COSTOS ADMINISTRACION | E37: =+G37/G35 -> 0.24865954 | G37: =+ADMOM!G48 -> 51621562
C39: COSTO TOTAL DIRECTOS + ADMON | G39: =+G35+G37 -> 2.5922093e+08

Sheet COTIZACIONES
A2: =+'PPTO GENERAL'!B4 -> RESTAURACIÓN ECOLÓGICA Y FORTALECIMIENTO DE LA GESTIÓN AMBIENTAL SOSTENIBLE EN EL MUNICIPIO DE LA LLANADA NARIÑO.
L3: {=+'PPTO GENERAL'!#REF!} -> #REF!
A4: ANÁLISIS DE MERCADO | N4: PRECIO UNITARIO SELECCIONADO
A6: N° | B6: DESCRIPCIÓN | C6: UND | D6: CANT | E6: MULTISERVICIOS Y COMERCIALIZADORA JS NIT 901604516-1 | G6: ASOCOLPRO NIT 901128386 | I6: MULTISUMINISTROS A y C NIT 36756429-1 | K6: PRECIO UNITARIO SELECCIONADO | L6: JUSTIFICACION TECNICA
E7: VR UNIT | F7: VR TOTAL | G7: VR UNIT | H7: VR TOTAL | I7: VR UNIT | J7: VR TOTAL
A8: REFORESTACION
A9: 1 | B9: plantulas (tres bolillo 1300/ha) | C9: Plantulas | D9: 1300 | E9: 2200 | F9: =E9*D9 -> 2860000 | G9: 2180 | H9: =G9*D9 -> 2834000 | I9: 2000 | J9: =I9*D9 -> 2600000 | K9: =ROUND(AVERAGE(E9,G9,I9),2) -> 2126.67 | L9: precio promedio | N9: 900
A10: =+A9+1 -> 2 | B10: fertilizante quimico DAP 18-46-0 (80gr /planta) | C10: KG | D10: =O10*1300 -> 104 | E10: 6800 | F10: =E10*D10 -> 707200 | G10: 6240 | H10: =G10*D10 -> 648960 | I10: 6980 | J10: =I10*D10 -> 725920 | K10: =ROUND(AVERAGE(E10,G10,I10),2) -> 6673.33 | L10: precio promedio | N10: =208000/50 -> 4160 | O10: 0.08 | P10: kg/plantula | Q10: fertilizante
A11: 3 | B11: cal agricola (100 gr/planta) | C11: KG | D11: =D9*O11 -> 130 | E11: 1200 | F11: =E11*D11 -> 156000 | G11: 1075.6 | H11: =G11*D11 -> 139828 | I11: 1050 | J11: =I11*D11 -> 136500 | K11: =ROUND(AVERAGE(E11,G11,I11),2) -> 1108.53 | L11: precio promedio | N11: =37000/50 -> 740 | O11: 0.1 | P11: kg/plantula | Q11: sulfato
A13: MANTENIMIENTO REFORESTACION
A14: 4 | B14: plantulas (tres bolillo 1300/ha) | C14: Plantulas | D14: 130 | E14: =+E9 -> 2200 | F14: =E14*D14 -> 286000 | G14: =+G9 -> 2180 | H14: =G14*D14 -> 283400 | I14: =+I9 -> 2000 | J14: =I14*D14 -> 260000 | K14: =ROUND(AVERAGE(E14,G14,I14),2) -> 2126.67 | L14: precio promedio | N14: 900
A15: 5 | B15: fertilizante quimico DAP 18-46-0 (80gr /planta) | C15: KG | D15: =O10*D14 -> 10.4 | E15: =+E10 -> 6800 | F15: =E15*D14 -> 884000 | G15: =+G10 -> 6240 | H15: =G15*D15 -> 64896 | I15: =+I10 -> 6980 | J15: =I15*D15 -> 72592 | K15: =ROUND(AVERAGE(E15,G15,I15),2) -> 6673.33 | L15: precio promedio | N15: 4560
A17: AISLAMIENTO X KM
A18: N° | B18: DESCRIPCIÓN | C18: UND | D18: CANT | E18: =+E6 -> MULTISERVICIOS Y COMERCIALIZADORA JS NIT 901604516-1 | G18: =+G6 -> ASOCOLPRO NIT 901128386 | I18: =+I6 -> MULTISUMINISTROS A y C NIT 36756429-1 | K18: PRECIO UNITARIO SELECCIONADO | L18: JUSTIFICACION TECNICA
E19: VR UNIT | F19: VR TOTAL | G19: VR UNIT | H19: VR TOTAL | I19: VR UNIT | J19: VR TOTAL
A20: 6 | B20: Alambre de pua calibre 14 (rollo 500 mt) | C20: Rollo | D20: 8 | E20: 543620 | F20: =E20*D20 -> 4348960 | G20: 522344 | H20: =G20*D20 -> 4178752 | I20: 565163 | J20: =I20*D20 -> 4521304 | K20: =ROUND(AVERAGE(E20,G20,I20),2) -> 543709 | L20: precio promedio | N20: 298800
A21: 7 | B21: grapas (Paquete 800 gr) | C21: Caja | D21: 12 | E21: 12320 | F21: =E21*D21 -> 147840 | G21: 12384 | H21: =G21*D21 -> 148608 | I21: 15868 | J21: =I21*D21 -> 190416 | K21: =ROUND(AVERAGE(E21,G21,I21),2) -> 13524 | L21: precio promedio | N21: 8600
A22: 8 | B22: clavos (caja 800 gr) | C22: Caja | D22: 3 | E22: 9820 | F22: =E22*D22 -> 29460 | G22: 9384 | H22: =G22*D22 -> 28152 | I22: 8993 | J22: =I22*D22 -> 26979 | K22: =ROUND(AVERAGE(E22,G22,I22),2) -> 9399 | L22: precio promedio | N22: 6800
A23: 9 | B23: Pintura de Aceite para alambre | C23: Numero | D23: 2 | E23: 99700 | F23: =E23*D23 -> 199400 | G23: 109640 | H23: =G23*D23 -> 219280 | I23: 105555 | J23: =I23*D23 -> 211110 | K23: =ROUND(AVERAGE(E23,G23,I23),2) -> 104965 | L23: precio promedio | N23: 78000
A24: 10 | B24: Pie de amigo: postes en madera 2 m alto, cuadrado o triangular 11 x 11 cm de lado | C24: Numero | D24: 34 | E24: 35600 | F24: =E24*D24 -> 1210400 | G24: 39400 | H24: =G24*D24 -> 1339600 | I24: 32500 | J24: =I24*D24 -> 1105000 | K24: =ROUND(AVERAGE(E24,G24,I24),2) -> 35833.33 | L24: precio promedio | N24: 18000 | O24: pie de amigo
A25: 11 | B25: postes en madera 2 m alto, cuadrado o triangular 11 x 11 cm de lado | C25: Numero | D25: 333 | E25: =+E24 -> 35600 | F25: =E25*D25 -> 11854800 | G25: =+G24 -> 39400 | H25: =G25*D25 -> 13120200 | I25: =+I24 -> 32500 | J25: =I25*D25 -> 10822500 | K25: =ROUND(AVERAGE(E25,G25,I25),2) -> 35833.33 | L25: precio promedio | N25: =+N24 -> 18000
A27: MANEJO DE RESIDUOS
A28: N° | B28: DESCRIPCIÓN | C28: UND | D28: CANT | E28: =+E18 -> MULTISERVICIOS Y COMERCIALIZADORA JS NIT 901604516-1 | G28: =+G18 -> ASOCOLPRO NIT 901128386 | I28: =+I18 -> MULTISUMINISTROS A y C NIT 36756429-1 | K28: PRECIO UNITARIO SELECCIONADO | L28: JUSTIFICACION TECNICA
E29: VR UNIT | F29: VR TOTAL | G29: VR UNIT | H29: VR TOTAL | I29: VR UNIT | J29: VR TOTAL
A30: 6 | B30: Canecas con tapa vaivén | C30: und | D30: 1 | E30: 57430 | F30: =E30*D30 -> 57430 | G30: 65350 | H30: =G30*D30 -> 65350 | I30: 52812 | J30: =I30*D30 -> 52812 | K30: =ROUND(AVERAGE(E30,G30,I30),2) -> 58530.67 | L30: precio promedio
A31: 7 | B31: puntos ecologicos plasticos tres puntos | C31: und | D31: 1 | E31: 602500 | F31: =E31*D31 -> 602500 | G31: 578000 | H31: =G31*D31 -> 578000 | I31: 638160 | J31: =I31*D31 -> 638160 | K31: =ROUND(AVERAGE(E31,G31,I31),2) -> 606220 | L31: precio promedio
A32: 8 | B32: puntos de recoleccion de acero inoxidable | C32: und | D32: 1 | E32: 2569900 | F32: =E32*D32 -> 2569900 | G32: 2166500 | H32: =G32*D32 -> 2166500 | I32: 2170000 | J32: =I32*D32 -> 2170000 | K32: =ROUND(AVERAGE(E32,G32,I32),2) -> 2302133.3 | L32: precio promedio
A34: ASISTENCIA TECNICA
A35: N° | B35: DESCRIPCIÓN | C35: UND | D35: CANT | E35: FUNDACION FUERZA EVA NIT 901109556-1 | G35: FUNDACIÓN JOBEQ NIT 901159652-4 | K35: PRECIO UNITARIO SELECCIONADO | L35: JUSTIFICACION TECNICA
E36: VR UNIT | F36: VR TOTAL | G36: VR UNIT | H36: VR TOTAL | I36: VR UNIT | J36: VR TOTAL
A37: 6 | B37: jornada de asistencia técnica en protección de fuentes hídricas | C37: hora | D37: 1 | E37: 100000 | F37: =E37*D37 -> 100000 | G37: 110000 | H37: =G37*D37 -> 110000 | I37: 105000 | J37: =I37*D37 -> 105000 | K37: =ROUND(AVERAGE(E37,G37,I37),2) -> 105000 | L37: precio promedio
A38: 7 | B38: jornada de asistencia técnica en gestión integral de residuos sólidos | C38: hora | D38: 1 | E38: 100000 | F38: =E38*D38 -> 100000 | G38: 110000 | H38: =G38*D38 -> 110000 | I38: 105000 | J38: =I38*D38 -> 105000 | K38: =ROUND(AVERAGE(E38,G38,I38),2) -> 105000 | L38: precio promedio

Sheet APUS
A1: DEPARTAMENTO DE NARIÑO
A2: =+'PPTO GENERAL'!#REF! -> #REF!
A3: =+'PPTO GENERAL'!B4 -> RESTAURACIÓN ECOLÓGICA Y FORTALECIMIENTO DE LA GESTIÓN AMBIENTAL SOSTENIBLE EN EL MUNICIPIO DE LA LLANADA NARIÑO.
A5: ANÁLISIS DE PRECIOS UNITARIOS
A7: =+'PPTO GENERAL'!C8 -> Objetivo 1: Implementar acciones de restauración y protección de áreas de recarga hídrica
A9: Actividad | B9: 1.1 | C9: =+'PPTO GENERAL'!C10 -> Incrementar la recuperación de coberturas vegetales
A10: Entregable | B10: =+'PPTO GENERAL'!B11 -> 1.1.1 | C10: =+'PPTO GENERAL'!C11 -> Realizar Reforestación
A12: COSTOS DIRECTOS
A13: I. Materiales
A14: DESCRIPCIÓN | B14: UNIDAD | C14: CANT | D14: VR UNITARIO | E14: VR TOTAL
A15: =+COTIZACIONES!B9 -> plantulas (tres bolillo 1300/ha) | B15: Plantulas | C15: =+COTIZACIONES!D9 -> 1300 | D15: =+COTIZACIONES!K9 -> 2126.67 | E15: =ROUND(+C15*D15,2) -> 2764671 | F15: =+C15*250 -> 325000
A16: =+COTIZACIONES!B10 -> fertilizante quimico DAP 18-46-0 (80gr /planta) | B16: gr | C16: =+COTIZACIONES!D10 -> 104 | D16: =+COTIZACIONES!K10 -> 6673.33 | E16: =ROUND(+C16*D16,2) -> 694026.32 | F16: =+F15+C16+C17 -> 325234
A17: =+COTIZACIONES!B11 -> cal agricola (100 gr/planta) | B17: gr | C17: =+COTIZACIONES!D11 -> 130 | D17: =+COTIZACIONES!K11 -> 1108.53 | E17: =ROUND(+C17*D17,2) -> 144108.9 | F17: =+F16/1000 -> 325.234
A18: Subtotal | E18: =ROUND(SUM(E15:E17),2) -> 3602806.2 | F18: =ROUND(+F17/1000,2) -> 0.33
A20: II. Mano de Obra
A21: DESCRIPCIÓN | B21: UNIDAD | C21: CANT | D21: VR UNITARIO | E21: VR TOTAL
A22: Roceria (preparacion del terreno) | B22: Jornal | C22: 2 | D22: 80000 | E22: =ROUND(+C22*D22,2) -> 160000 | F22: =+C22*7.15 -> 14.3
A23: trazado | B23: Jornal | C23: 3 | D23: =+D22 -> 80000 | E23: =ROUND(+C23*D23,2) -> 240000 | F23: =+C23*7.15 -> 21.45
A24: plateo | B24: Jornal | C24: 8 | D24: =+D23 -> 80000 | E24: =ROUND(+C24*D24,2) -> 640000 | F24: =+C24*7.15 -> 57.2
A25: ahoyado | B25: Jornal | C25: 8 | D25: =+D24 -> 80000 | E25: =ROUND(+C25*D25,2) -> 640000 | F25: =+C25*7.15 -> 57.2
A26: aplicación de fertilizantes y correctivos | B26: Jornal | C26: 5 | D26: =+D25 -> 80000 | E26: =ROUND(+C26*D26,2) -> 400000 | F26: =+C26*7.15 -> 35.75
A27: plantacion (siembra) | B27: Jornal | C27: 8 | D27: =+D26 -> 80000 | E27: =ROUND(+C27*D27,2) -> 640000 | F27: =+C27*7.15 -> 57.2
A28: control siembra | B28: Jornal | C28: 5 | D28: =+D27 -> 80000 | E28: =ROUND(+C28*D28,2) -> 400000 | F28: =+C28*7.15 -> 35.75
A29: reposicion (replante) | B29: Jornal | C29: 5 | D29: =+D28 -> 80000 | E29: =ROUND(+C29*D29,2) -> 400000 | F29: =+C29*7.15 -> 35.75
A30: Limpias | B30: Jornal | C30: 8 | D30: =+D29 -> 80000 | E30: =ROUND(+C30*D30,2) -> 640000 | F30: =+C30*7.15 -> 57.2
A31: Subtotal | E31: =ROUND(SUM(E22:E30),2) -> 4160000
A33: lll. Transporte
A34: DESCRIPCIÓN | B34: UNIDAD | C34: CANT | D34: VR UNITARIO | E34: VR TOTAL
A35: Transporte Material e Insumos Pasto - municipio La Llanada -vereda El vergel. Vehiculo tipo camión. Distancia 28 Km | B35: Toneladas | C35: =+F18 -> 0.33 | D35: 600000 | E35: =ROUND(+C35*D35,2) -> 198000
A36: Transporte por tracción a Caballo a pie de carretera a predios vereda El vergel. Distancia 3 km | B36: Toneladas | C36: =+C35 -> 0.33 | D36: 800000 | E36: =ROUND(+C36*D36,2) -> 264000
A38: Subtotal | E38: =ROUND(SUM(E35:E37),2) -> 462000
A40: TOTAL COSTOS DIRECTOS | B40: =+B10 -> 1.1.1 | E40: =ROUND(E18+E31+E38,2) -> 8224806.2
A45: =+COTIZACIONES!B42 -> 0
A46: =+COTIZACIONES!B43 -> 0
A47: =+COTIZACIONES!B44 -> 0
A50: =+A7 -> Objetivo 1: Implementar acciones de restauración y protección de áreas de recarga hídrica
A52: Actividad | B52: =+'PPTO GENERAL'!B10 -> 1.1 | C52: =+'PPTO GENERAL'!C10 -> Incrementar la recuperación de coberturas vegetales
A53: Entregable | B53: =+'PPTO GENERAL'!B12 -> 1.1.2 | C53: =+'PPTO GENERAL'!C12 -> Aplicar proceso de mantenimiento a Reforestación
A55: COSTOS DIRECTOS
A56: I. Materiales
A57: DESCRIPCIÓN | B57: UNIDAD | C57: CANT | D57: VR UNITARIO | E57: VR TOTAL
A58: =+COTIZACIONES!B14 -> plantulas (tres bolillo 1300/ha) | B58: Plantulas | C58: =+COTIZACIONES!D14 -> 130 | D58: =+D15 -> 2126.67 | E58: =ROUND(+C58*D58,2) -> 276467.1 | F58: =+C58*250 -> 32500
A59: =+COTIZACIONES!B15 -> fertilizante quimico DAP 18-46-0 (80gr /planta) | B59: kg | C59: =+COTIZACIONES!D15 -> 10.4 | D59: =+D16 -> 6673.33 | E59: =ROUND(+C59*D59,2) -> 69402.63 | F59: =+C59 -> 10.4
A60: Subtotal | E60: =ROUND(SUM(E58:E59),2) -> 345869.73 | F60: =+F58+F59 -> 32510.4
F61: =+F60/1000 -> 32.5104
A62: II. Mano de Obra | F62: =ROUND(+F61/1000,2) -> 0.03
A63: DESCRIPCIÓN | B63: UNIDAD | C63: CANT | D63: VR UNITARIO | E63: VR TOTAL
A64: Plateo | B64: Jornal | C64: 14 | D64: =+D22 -> 80000 | E64: =ROUND(+C64*D64,2) -> 1120000
A65: Aplicación de fertilizantes | B65: Jornal | C65: 5 | D65: =+D23 -> 80000 | E65: =ROUND(+C65*D65,2) -> 400000
A66: Reposicion (replante) | B66: Jornal | C66: 5 | D66: =+D24 -> 80000 | E66: =ROUND(+C66*D66,2) -> 400000
A67: Limpias | B67: Jornal | C67: 10 | D67: =+D25 -> 80000 | E67: =ROUND(+C67*D67,2) -> 800000
A68: Subtotal | E68: =ROUND(SUM(E64:E67),2) -> 2720000
A70: lll. Transporte
A71: DESCRIPCIÓN | B71: UNIDAD | C71: CANT | D71: VR UNITARIO | E71: VR TOTAL
A72: Transporte Material e Insumos Pasto - municipio La Llanada - vereda El vergel. Vehiculo tipo camión. Distancia 28 Km | B72: Toneladas | C72: =+F62 -> 0.03 | D72: =+D35 -> 600000 | E72: =ROUND(+C72*D72,2) -> 18000
A73: Transporte por tracción a Caballo a pie de carretera a predios en vereda El vergel. Distancia 3 km | B73: Toneladas | C73: =+C72 -> 0.03 | D73: =+D36 -> 800000 | E73: =ROUND(+C73*D73,2) -> 24000
A75: Subtotal | E75: =ROUND(SUM(E72:E74),2) -> 42000
A77: TOTAL COSTOS DIRECTOS | B77: =+B53 -> 1.1.2 | E77: =ROUND(E60+E68+E75,2) -> 3107869.7
A82: =+A45 -> 0
A83: =+A46 -> 0
A84: =+A47 -> 0
A87: =+'PPTO GENERAL'!C8 -> Objetivo 1: Implementar acciones de restauración y protección de áreas de recarga hídrica
A89: Actividad | B89: =+'PPTO GENERAL'!B15 -> 1.2 | C89: =+'PPTO GENERAL'!C15 -> Fortalecer acciones de protección de cobertura vegetal
A90: Entregable | B90: =+'PPTO GENERAL'!B16 -> 1.2.1 | C90: =+'PPTO GENERAL'!C16 -> Aislar y proteger área reforestada
A92: COSTOS DIRECTOS
A93: I. Materiales
A94: DESCRIPCIÓN | B94: UNIDAD | C94: CANT | D94: VR UNITARIO | E94: VR TOTAL | F94: GR | G94: KG | H94: TON
A95: =+COTIZACIONES!B20 -> Alambre de pua calibre 14 (rollo 500 mt) | B95: =+COTIZACIONES!C20 -> Rollo | C95: =+COTIZACIONES!D20 -> 8 | D95: =+COTIZACIONES!K20 -> 543709 | E95: =ROUND(+C95*D95,2) -> 4349672 | G95: =+C95*38 -> 304 | H95: =+G95/1000 -> 0.304
A96: =+COTIZACIONES!B21 -> grapas (Paquete 800 gr) | B96: =+COTIZACIONES!C21 -> Caja | C96: 10 | D96: =+COTIZACIONES!K21 -> 13524 | E96: =ROUND(+C96*D96,2) -> 135240 | F96: =+C96*800 -> 8000 | G96: =+F96/1000 -> 8 | H96: =+G96/1000 -> 0.008
A97: =+COTIZACIONES!B22 -> clavos (caja 800 gr) | B97: =+COTIZACIONES!C22 -> Caja | C97: =+COTIZACIONES!D22 -> 3 | D97: =+COTIZACIONES!K22 -> 9399 | E97: =ROUND(+C97*D97,2) -> 28197 | F97: =+C97*800 -> 2400 | G97: =+F97/1000 -> 2.4 | H97: =+G97/1000 -> 0.0024
A98: =+COTIZACIONES!B23 -> Pintura de Aceite para alambre | B98: =+COTIZACIONES!C23 -> Numero | C98: =+COTIZACIONES!D23 -> 2 | D98: =+COTIZACIONES!K23 -> 104965 | E98: =ROUND(+C98*D98,2) -> 209930 | G98: =+C98*3.5 -> 7 | H98: =+G98/1000 -> 0.007
A99: =+COTIZACIONES!B24 -> Pie de amigo: postes en madera 2 m alto, cuadrado o triangular 11 x 11 cm de lado | B99: =+COTIZACIONES!C24 -> Numero | C99: =+COTIZACIONES!D24 -> 34 | D99: =+COTIZACIONES!K24 -> 35833.33 | E99: =ROUND(+C99*D99,2) -> 1218333.2 | G99: =+C99*10 -> 340 | H99: =+G99/1000 -> 0.34
A100: =+COTIZACIONES!B25 -> postes en madera 2 m alto, cuadrado o triangular 11 x 11 cm de lado | B100: =+COTIZACIONES!C25 -> Numero | C100: =+COTIZACIONES!D25 -> 333 | D100: =+COTIZACIONES!K25 -> 35833.33 | E100: =ROUND(+C100*D100,2) -> 11932499 | G100: =+C100*1 -> 333 | H100: =+G100/1000 -> 0.333
A101: Subtotal | E101: =ROUND(SUM(E95:E100),2) -> 17873871 | H101: =ROUND(SUM(H95:H100),2) -> 0.99
A103: II. Mano de Obra
A104: DESCRIPCIÓN | B104: UNIDAD | C104: CANT | D104: VR UNITARIO | E104: VR TOTAL
A105: trazado | B105: Jornal | C105: 5 | D105: =+D64 -> 80000 | E105: =ROUND(+C105*D105,2) -> 400000 | F105: =+C105*2.5 -> 12.5
A106: ahoyado | B106: Jornal | C106: 12 | D106: =+D65 -> 80000 | E106: =ROUND(+C106*D106,2) -> 960000 | F106: =+C106*2.5 -> 30
A107: transporte menor | B107: Jornal | C107: 12 | D107: =+D66 -> 80000 | E107: =ROUND(+C107*D107,2) -> 960000 | F107: =+C107*2.5 -> 30
A108: hincado | B108: Jornal | C108: 10 | D108: =+D67 -> 80000 | E108: =ROUND(+C108*D108,2) -> 800000 | F108: =+C108*2.5 -> 25
A109: templado y grapado | B109: Jornal | C109: 25 | D109: =+D105 -> 80000 | E109: =ROUND(+C109*D109,2) -> 2000000 | F109: =+C109*2.5 -> 62.5
A110: Subtotal | E110: =ROUND(SUM(E105:E109),2) -> 5120000
A112: lll. Transporte
A113: DESCRIPCIÓN | B113: UNIDAD | C113: CANT | D113: VR UNITARIO | E113: VR TOTAL
A114: Transporte Material e Insumos Pasto - municipio La Llanada - vereda El vergel. Vehiculo tipo camión. Distancia 28 Km | B114: Toneladas | C114: =+H101 -> 0.99 | D114: =+D72 -> 600000 | E114: =ROUND(+C114*D114,2) -> 594000
A115: Transporte por tracción a Caballo a pie de carretera a predios vereda El vergel. Distancia 3 km | B115: Toneladas | C115: =+C114 -> 0.99 | D115: =+D73 -> 800000 | E115: =ROUND(+C115*D115,2) -> 792000
A117: Subtotal | E117: =ROUND(SUM(E114:E116),2) -> 1386000
A119: TOTAL COSTOS DIRECTOS | B119: =+B90 -> 1.2.1 | E119: =ROUND(E101+E110+E117,2) -> 24379871
A124: =+A82 -> 0
A125: =+A83 -> 0
A126: =+A84 -> 0
A129: =+'PPTO GENERAL'!C19 -> Objetivo 2: Fortalecer la gestión integral de residuos sólidos en hogares, espacios públicos y áreas mineras
A131: Actividad | B131: =+'PPTO GENERAL'!B21 -> 2.1 | C131: =+'PPTO GENERAL'!C21 -> Mejorar la dotación y el acceso a infraestructura ambiental básica en la comunidad.
A132: Entregable | B132: =+'PPTO GENERAL'!B22 -> 2.1.1 | C132: =+'PPTO GENERAL'!C22 -> Entrega de canecas para manejo de residuos sólidos
A134: COSTOS DIRECTOS
A135: I. Materiales
A136: DESCRIPCIÓN | B136: UNIDAD | C136: CANT | D136: VR UNITARIO | E136: VR TOTAL
A137: =+COTIZACIONES!B30 -> Canecas con tapa vaivén | B137: Unidad | C137: 1 | D137: =+COTIZACIONES!K30 -> 58530.67 | E137: =ROUND(+C137*D137,2) -> 58530.67
A139: Subtotal | E139: =ROUND(SUM(E137:E138),2) -> 58530.67
A141: II. Mano de Obra
...

Sheet ADMOM
A2: DESGLOSE ADMINISTRACIÓN
G3: =+#REF! -> #REF!
A4: =+APUS!A3 -> RESTAURACIÓN ECOLÓGICA Y FORTALECIMIENTO DE LA GESTIÓN AMBIENTAL SOSTENIBLE EN EL MUNICIPIO DE LA LLANADA NARIÑO.
A7: I. ADMINISTRACION
A8: N° | B8: DESCRIPCION | C8: SALARIO | D8: FACTOR PRESTACIONAL | E8: % DEDICACION | F8: MESES | G8: SALARIO + PRESTACIONES
A10: 1. | B10: COSTOS DIRECTOS DE PERSONAL
A11: 1.1 | B11: Profesional Director Proyecto | C11: 3000000 | D11: =+'FP ADMON'!E78 -> 1.5185 | E11: 0.5 | F11: 3 | G11: =ROUND(C11*D11*E11*F11,2) -> 6833250
A12: 1.2 | B12: Profesional Ambiental Residente | C12: 2000000 | D12: =+'FP ADMON'!K36 -> 1.6905 | E12: 1 | F12: =+F11 -> 3 | G12: =ROUND(C12*D12*E12*F12,2) -> 10143000
B13: (A) SUBTOTAL COSTOS DIRECTOS DE PERSONAL | G13: =ROUND(SUM(G11:G12),2) -> 16976250
A15: COSTOS INDIRECTOS
A17: N° | B17: DESCRIPCIÓN | D17: UNIDAD | E17: VR UNIT | F17: CANTIDAD | G17: COSTO TOTAL
A19: 3 | B19: COSTOS INDIRECTOS
A20: 3.1 | B20: Gastos Administrativos y Oficina | D20: Mes | E20: 600000 | F20: =+F12 -> 3 | G20: =ROUND(F20*E20,2) -> 1800000
A21: 3.2 | B21: Papelería, fotocopias, y edición de informes | D21: Mes | E21: 180000 | F21: =+F20 -> 3 | G21: =ROUND(F21*E21,2) -> 540000
A22: 3.3 | B22: Comunicaciones plan de minutos y datos | D22: Mes | E22: 50000 | F22: =+F21 -> 3 | G22: =ROUND(F22*E22,2) -> 150000
A23: 3.4 | B23: Valla Informativa | D23: Und | E23: 558688.77 | F23: 1 | G23: =ROUND(F23*E23,2) -> 558688.77
A24: (D) TOTAL COSTOS INDIRECTOS | G24: =ROUND(SUM(G20:G23),2) -> 3048688.8
A26: N° | B26: DESCRIPCIÓN | C26: UNIDAD | D26: BASE | E26: % ASEGURADO | F26: TASA ASEGURADORA | G26: TASA ASEGURADA
A27: 4. | B27: GARANTIAS
A28: 4.1 | B28: DESCRIPCIÓN
A29: 4.2 | B29: Cumplimiento | C29: Und | D29: =+'PPTO GENERAL'!G35 -> 2.0759937e+08 | E29: 0.1 | F29: 0.003 | G29: =ROUND(D29*E29*F29,2) -> 62279.81
A30: 4.3 | B30: Salarios y Prestaciones Sociales | C30: Und | D30: =+D29 -> 2.0759937e+08 | E30: 0.1 | F30: 0.003 | G30: =ROUND(D30*E30*F30,2) -> 62279.81
A31: 4.4 | B31: Calidad | C31: Und | D31: =+D30 -> 2.0759937e+08 | E31: 0.3 | F31: 0.002 | G31: =ROUND(D31*E31*F31,2) -> 124559.62
A32: 4.5 | B32: Buen manejo de anticipo | C32: Und | D32: =+D31/2 -> 1.0379968e+08 | E32: 1 | F32: 0.002 | G32: =ROUND(D32*E32*F32,2) -> 207599.37
A33: (E) TOTAL COSTOS IMPUESTOS Y GARANTIAS | G33: =ROUND(SUM(G29:G32),2) -> 456718.61
A35: N° | B35: DESCRIPCIÓN | C35: % | D35: UNIDAD | E35: BASE | F35: VR UNIT | G35: VR TOTAL
A37: 5. | B37: OTROS COSTOS INDIRECTOS
A38: 5.1 | B38: Estampillas | C38: =+C39+C40+C41+C42 -> 0.06 | D38: % | E38: =+$D$29 -> 2.0759937e+08 | F38: =ROUND(C38*E38,2) -> 12455962 | G38: =+F38 -> 12455962
B39: Procultura | C39: 0.02 | D39: % | E39: =+$D$29 -> 2.0759937e+08 | F39: =ROUND(C39*E39,2) -> 4151987.3 | G39: =+F39 -> 4151987.3
B40: Adulto Mayor | C40: 0.02 | D40: % | E40: =+$D$29 -> 2.0759937e+08 | F40: =ROUND(C40*E40,2) -> 4151987.3 | G40: =+F40 -> 4151987.3
B41: Udenar | C41: 0.005 | D41: % | E41: =+$D$29 -> 2.0759937e+08 | F41: =ROUND(C41*E41,2) -> 1037996.8 | G41: =+F41 -> 1037996.8
B42: Pro deporte | C42: 0.015 | D42: % | E42: =+$D$29 -> 2.0759937e+08 | F42: =ROUND(C42*E42,2) -> 3113990.5 | G42: =+F42 -> 3113990.5
B43: Industria y comercio | C43: 0.01 | D43: % | E43: =+$D$29 -> 2.0759937e+08 | F43: =ROUND(C43*E43,2) -> 2075993.7 | G43: =+F43 -> 2075993.7
B44: Industria y comercio | C44: 0.02 | D44: % | E44: =+$D$29 -> 2.0759937e+08 | F44: =ROUND(C44*E44,2) -> 4151987.3 | G44: =+F44 -> 4151987.3
A46: (F) SUBTOTAL OTROS COSTOS INDIRECTOS | G46: =ROUND(SUM(G38:G45),2) -> 31139905
C48: TOTAL ADMINISTRACION | G48: =+G13+G24+G33+G46 -> 51621562
B54: =#REF! -> #REF!
B55: =#REF! -> #REF!
B56: =#REF! -> #REF!

Sheet FP ADMON
B2: FACTOR PRESTACIONAL MENOR A 2 SALARIOS MINIMOS | H2: FACTOR PRESTACIONAL MENOR A 2 SALARIOS MINIMOS
B3: FECHA : JUNIO 2026 | H3: =+B3 -> FECHA : JUNIO 2026
B4: =+ADMOM!A4 -> RESTAURACIÓN ECOLÓGICA Y FORTALECIMIENTO DE LA GESTIÓN AMBIENTAL SOSTENIBLE EN EL MUNICIPIO DE LA LLANADA NARIÑO. | H4: =+B4 -> RESTAURACIÓN ECOLÓGICA Y FORTALECIMIENTO DE LA GESTIÓN AMBIENTAL SOSTENIBLE EN EL MUNICIPIO DE LA LLANADA NARIÑO.
C6: PERSONAL OFICINA | I6: PERSONAL EN CAMPO
B8: ÍTEM | C8: DESCRIPCIÓN | E8: VALOR | F8: % | H8: ÍTEM | I8: DESCRIPCIÓN | K8: VALOR | L8: %
B10: 1 | C10: VALOR BASE (SUELDO) | H10: 1 | I10: VALOR BASE (SUELDO)
B11: 1.01 | C11: SALARIO BASICO (NOMINA TOTAL MENSUAL) | E11: 100 | F11: % | H11: 1.01 | I11: SALARIO BASICO (NOMINA TOTAL MENSUAL) | K11: 100 | L11: %
B12: 1.02 | C12: Subsidio de Transporte | E12: 11.29 | H12: 1.02 | I12: Subsidio de Transporte | K12: 11.29
B13: SUBTOTAL | E13: =SUM(E11:E12) -> 111.29 | F13: % | H13: SUBTOTAL | K13: =SUM(K11:K12) -> 111.29 | L13: %
B15: 2 | C15: PRESTACIONES SOCIALES | H15: 2 | I15: PRESTACIONES SOCIALES
B16: 2.01 | C16: Cesantias | E16: 8.33 | F16: % | H16: 2.01 | I16: Cesantias | K16: 8.33 | L16: %
B17: =+B16+0.01 -> 2.02 | C17: Intereses sobre Cesantias | E17: 1 | F17: % | H17: =+H16+0.01 -> 2.02 | I17: Intereses sobre Cesantias | K17: 1 | L17: %
B18: =+B17+0.01 -> 2.03 | C18: Prima Anual | E18: 8.33 | F18: % | H18: =+H17+0.01 -> 2.03 | I18: Prima Anual | K18: 8.33 | L18: %
B19: =+B18+0.01 -> 2.04 | C19: Vacaciones | E19: 4.17 | F19: % | H19: =+H18+0.01 -> 2.04 | I19: Vacaciones | K19: 4.17 | L19: %
B20: SUBTOTAL | E20: =SUM(E16:E19) -> 21.83 | F20: % | H20: SUBTOTAL | K20: =SUM(K16:K19) -> 21.83 | L20: %
B22: 3 | C22: SISTEMA DE SEGURIDAD INTEGRAL | H22: 3 | I22: SISTEMA DE SEGURIDAD INTEGRAL
B23: 3.01 | C23: Caja de Compensación | E23: 4 | F23: % | H23: 3.01 | I23: Caja de Compensación | K23: 4 | L23: %
B24: =+B23+0.01 -> 3.02 | C24: SENA | E24: 2 | F24: % | H24: =+H23+0.01 -> 3.02 | I24: SENA | K24: 2 | L24: %
B25: =+B24+0.01 -> 3.03 | C25: ICBF | E25: 3 | F25: % | H25: =+H24+0.01 -> 3.03 | I25: ICBF | K25: 3 | L25: %
B26: =+B25+0.01 -> 3.04 | C26: Sistema de Seguridad Social: Salud | E26: 8.5 | F26: % | H26: =+H25+0.01 -> 3.04 | I26: Sistema de Seguridad Social: Salud | K26: 8.5 | L26: %
B27: =+B26+0.01 -> 3.05 | C27: Sistema de Seguridad Social: Pensión | E27: 12 | F27: % | H27: =+H26+0.01 -> 3.05 | I27: Sistema de Seguridad Social: Pensión | K27: 12 | L27: %
B28: =+B27+0.01 -> 3.06 | C28: ARP Personal en Campo | E28: 0.522 | F28: % | H28: =+H27+0.01 -> 3.06 | I28: ARP Personal en Campo | K28: 2.43 | L28: %
B29: SUBTOTAL | E29: =SUM(E23:E28) -> 30.022 | F29: % | H29: SUBTOTAL | K29: =SUM(K23:K28) -> 31.93 | L29: %
B31: 4 | C31: GASTOS GENERALES | H31: 4 | I31: GASTOS GENERALES
B32: 4.01 | C32: Dotacion | E32: 2 | F32: % | H32: 4.01 | I32: Dotacion | K32: 4 | L32: %
B34: SUBTOTAL | E34: =+E32 -> 2 | F34: % | H34: SUBTOTAL | K34: =+K32 -> 4 | L34: %
B36: FACTOR PRESTACIONAL | E36: =(E13+E20+E29+E34)/100 -> 1.65142 | F36: % | H36: FACTOR PRESTACIONAL | K36: =(K13+K20+K29+K34)/100 -> 1.6905 | L36: %
B38: Elaboró: | H38: Elaboró:
C41: =ADMOM!B54 -> #REF! | I41: =C41 -> #REF!
C42: =ADMOM!B55 -> #REF! | I42: =C42 -> #REF!
C43: =ADMOM!B56 -> #REF! | I43: =C43 -> #REF!
B48: FACTOR PRESTACIONAL MAYOR A 2 SALARIOS | H48: FACTOR PRESTACIONAL MAYOR A 2 SALARIOS
B49: =+B3 -> FECHA : JUNIO 2026 | H49: =+H3 -> FECHA : JUNIO 2026
B50: =+B4 -> RESTAURACIÓN ECOLÓGICA Y FORTALECIMIENTO DE LA GESTIÓN AMBIENTAL SOSTENIBLE EN EL MUNICIPIO DE LA LLANADA NARIÑO. | H50: =+H4 -> RESTAURACIÓN ECOLÓGICA Y FORTALECIMIENTO DE LA GESTIÓN AMBIENTAL SOSTENIBLE EN EL MUNICIPIO DE LA LLANADA NARIÑO.
C53: PERSONAL OFICINA | I53: PERSONAL EN CAMPO
B55: ÍTEM | C55: DESCRIPCIÓN | E55: VALOR | F55: % | H55: ÍTEM | I55: DESCRIPCIÓN | K55: VALOR | L55: %
B57: 1 | C57: VALOR BASE (SUELDO) | H57: 1 | I57: VALOR BASE (SUELDO)
B58: 1.01 | C58: SALARIO BASICO (NOMINA TOTAL MENSUAL) | E58: 100 | F58: % | H58: 1.01 | I58: SALARIO BASICO (NOMINA TOTAL MENSUAL) | K58: 100 | L58: %
B59: SUBTOTAL | E59: =SUM(E58:E58) -> 100 | F59: % | H59: SUBTOTAL | K59: =SUM(K58:K58) -> 100 | L59: %
B61: 2 | C61: PRESTACIONES SOCIALES | H61: 2 | I61: PRESTACIONES SOCIALES
B62: 2.01 | C62: Cesantias | E62: 8.33 | F62: % | H62: 2.01 | I62: Cesantias | K62: 8.33 | L62: %
B63: =+B62+0.01 -> 2.02 | C63: Intereses sobre Cesantias | E63: 1 | F63: % | H63: =+H62+0.01 -> 2.02 | I63: Intereses sobre Cesantias | K63: 1 | L63: %
B64: =+B63+0.01 -> 2.03 | C64: Prima Anual | E64: 8.33 | F64: % | H64: =+H63+0.01 -> 2.03 | I64: Prima Anual | K64: 8.33 | L64: %
B65: =+B64+0.01 -> 2.04 | C65: Vacaciones | E65: 4.17 | F65: % | H65: =+H64+0.01 -> 2.04 | I65: Vacaciones | K65: 4.17 | L65: %
B66: SUBTOTAL | E66: =SUM(E62:E65) -> 21.83 | F66: % | H66: SUBTOTAL | K66: =SUM(K62:K65) -> 21.83 | L66: %
B68: 3 | C68: SISTEMA DE SEGURIDAD INTEGRAL | H68: 3 | I68: SISTEMA DE SEGURIDAD INTEGRAL
B69: 3.01 | C69: Caja de Compensación | E69: 4 | F69: % | H69: 3.01 | I69: Caja de Compensación | K69: 4 | L69: %
B70: =+B69+0.01 -> 3.02 | C70: SENA | E70: 2 | F70: % | H70: =+H69+0.01 -> 3.02 | I70: SENA | K70: 2 | L70: %
B71: =+B70+0.01 -> 3.03 | C71: ICBF | E71: 3 | F71: % | H71: =+H70+0.01 -> 3.03 | I71: ICBF | K71: 3 | L71: %
B72: =+B71+0.01 -> 3.04 | C72: Sistema de Seguridad Social: Salud | E72: 8.5 | F72: % | H72: =+H71+0.01 -> 3.04 | I72: Sistema de Seguridad Social: Salud | K72: 8.5 | L72: %
B73: =+B72+0.01 -> 3.05 | C73: Sistema de Seguridad Social: Pensión | E73: 12 | F73: % | H73: =+H72+0.01 -> 3.05 | I73: Sistema de Seguridad Social: Pensión | K73: 12 | L73: %
B74: =+B73+0.01 -> 3.06 | C74: ARP Personal en Campo | E74: 0.52 | F74: % | H74: =+H73+0.01 -> 3.06 | I74: ARP Personal en Campo | K74: 2.436 | L74: %
B75: SUBTOTAL | E75: =SUM(E69:E74) -> 30.02 | F75: % | H75: SUBTOTAL | K75: =SUM(K69:K74) -> 31.936 | L75: %
B78: FACTOR PRESTACIONAL | E78: =(E59+E66+E75)/100 -> 1.5185 | F78: % | H78: FACTOR PRESTACIONAL | K78: =(K59+K66+K75)/100 -> 1.53766 | L78: %
B80: Elaboró: | H80: Elaboró:
C84: =C41 -> #REF! | I84: =I41 -> #REF!
C85: =C42 -> #REF! | I85: =I42 -> #REF!
C86: =C43 -> #REF! | I86: =I43 -> #REF!
